 Dungeon Crawl Stone Soup version 0.29-a0-925-g0a7a3d12f8 (webtiles) character file.

Game seed: 1589189976523359874

9 Sabo the Conjurer (level 2, 0/20 HPs)
             Began as a Palentonga Conjurer on July 29, 2022.
             Slain by a quokka (3 damage)
             ... on level 1 of the Dungeon.
             The game lasted 00:02:18 (72 turns).

Sabo the Conjurer (Palentonga Conjurer)               Turns: 72, Time: 00:02:19

Health: 0/20       AC:  4    Str: 10    XL:     2   Next: 3%
Magic:  0/5        EV:  9    Int: 18    God:
Gold:   0          SH:  0    Dex:  8    Spells: 4/5 levels left

rFire   . . .      SeeInvis +   (no weapon)
rCold   . . .      Faith    .   (no shield)
rNeg    . . .      Spirit   .   a - +0 robe
rPois   .          Reflect  .   (no helmet)
rElec   .          Harm     .   (no cloak)
rCorr   .          Rampage  .   (no gloves)
Will    .....                   (no barding)
Stlth   +.........              (no amulet)
HPRegen 0.06/turn               (no ring)
MPRegen 0.09/turn               (no ring)

@: no status effects
A: large, rugged brown scales 3, see invisible, deformed body, roll 1, armoured
tail
a: Rolling Charge


You were on level 1 of the Dungeon.
You visited 1 branch of the dungeon, and saw 1 of its levels.

Inventory:

Armour
 a - a +0 robe (worn)
Potions
 b - a potion of magic


   Skills:
 + Level 1.5 Dodging
 + Level 1.2 Stealth
 + Level 2.1 Spellcasting
 + Level 4.0 Conjurations


You had 4 spell levels left.
You knew the following spells:

 Your Spells              Type           Power      Damage    Failure   Level
a - Magic Dart            Conj           64%        1d6       3%          1

Your spell library contained the following spells:

 Spells                   Type           Power      Damage    Failure   Level
 Searing Ray              Conj           32%        2d5       5%          2
 Dazzling Flash           Conj/Hex       18%        N/A       24%         3
 Fulminant Prism          Conj/Hex       4%         3d6       61%         4
 Iskenderun's Mystic Bla  Conj/Tloc      9%         2d4       61%         4


Dungeon Overview and Level Annotations

Branches:
Dungeon (1/15)

Altars:


Innate Abilities, Weirdness & Mutations

You are completely covered in rugged brown scales. (AC +3, +7% HP)
You have supernaturally acute eyesight. (SInv)
Armour fits poorly on your strangely shaped body.
You can roll at nearby foes to attack.
You have a long armoured tail.


Message History

The rat barely misses you. The goblin hits you but does no damage.
You closely miss the giant cockroach. You tail-slap the giant cockroach.
You kill the giant cockroach!
The quokka bites you but does no damage.
The goblin hits you with a +0 club. The rat bites you.
You barely miss the goblin. The quokka bites you. The rat closely misses you.
The goblin barely misses you.
You hit the goblin.
The goblin is severely wounded.
The quokka bites you. The rat bites you but does no damage.
The goblin closely misses you.
You hit the goblin.
You kill the goblin!
The quokka bites you but does no damage.
The rat barely misses you. The quokka barely misses you.
Your Conjurations skill increases to level 4!
You have reached level 2!
Casting: Magic Dart (safe; 3% risk of failure)
Confirm with . or Enter, or press ? or * to list all spells.
Aiming: Magic Dart (safe; 3% risk of failure)
Press: ? - help, Shift-Dir - straight line, f - rat
Aim: a rat (100% to hit)
The magic dart hits the rat but does no damage.
The quokka bites you but does no damage.
The rat barely misses you.
You hit the rat.
The rat is heavily wounded.
The quokka bites you.
* * * LOW HITPOINT WARNING * * *
The rat barely misses you.
You hit the rat.
You kill the rat!
The quokka bites you but does no damage.
You hit the quokka but do no damage. The quokka closely misses you.
You hit the quokka but do no damage. The quokka bites you.
* * * LOW HITPOINT WARNING * * *
The quokka closely misses you.
You closely miss the quokka. The quokka barely misses you.
You barely miss the quokka. The quokka bites you.
You die...

.... ... #... ... ..#
#.. ... #..### ## #..
... ###.... .####.###.#
......! ... #.....
.......#.!###.#r#.###
......†.. #.))@†....#
........###.#.#.#.#?#
.......g......#.#
.......##.#.###.###.#.#
....... #......<......#
....... #.#.###.###.#.#
....K..#......#.#
..##.#..###.#.#.# #
g.... #......


You could see a quokka.

Vanquished Creatures
  An endoplasm (D:1)
  A giant cockroach (D:1)
  2 goblins (D:1)
  A hobgoblin (D:1)
  A frilled lizard (D:1)
  A kobold (D:1)
  A rat (D:1)
8 creatures vanquished.

Notes
Turn   | Place    | Note
-------+----------+-------------------------------------------
     0 | D:1      | Sabo the Palentonga Conjurer began the quest for the Orb.
     0 | D:1      | Reached XP level 1. HP: 13/13 MP: 3/3
    66 | D:1      | Reached skill level 4 in Conjurations
    66 | D:1      | Reached XP level 2. HP: 8/20 MP: 1/5
    72 | D:1      | Slain by a quokka

Illustrated notes

Levels and vault maps discovered:
D:1:      roderic_chinese_lattice_arrival, layout_rooms

Skill      XL: |  1 |
---------------+----+-----
Conjurations   | 4 |  4.0
Dodging        | |  1.5
Stealth        | |  1.2
Spellcasting   | |  2.1

Action                   || total
-------------------------++-------
Melee: Unarmed           ||    19
       Tailslap          ||     4
 Cast: Magic Dart        ||     6
 Abil: Rolling Charge    ||     2
Armor: Robe              ||    12
Dodge: Dodged            ||    20

Table legend: (Time is in decaauts)
 A = Elapsed time spent in this place.
 B = Non-inter-level travel time spent in this place.
 C = Inter-level travel time spent in this place.
 D = Time resting spent in this place.
 E = Time spent auto-exploring this place.
 F = Levels seen in this place.
 G = Mean time per level.
                   A        B        C        D        E       F      G
               +--------+--------+--------+--------+--------+-----+--------+
         Total |     72 |     72 |      0 |     23 |      0 |   1 |   72.0 |
       Dungeon |     72 |     72 |      0 |     23 |      0 |   1 |   72.0 |
               +--------+--------+--------+--------+--------+-----+--------+

Top non-repeatable levels by time:
     D:1: 72 daAuts
